 Dungeon Crawl Stone Soup version 0.31-a0-1074-g0b22e4e0f1 (webtiles) character file.

Game seed: 4625795421067185782

236 IdlyInterested the Changeling (level 5, 0/33 HPs)
             Began as a Demonspawn Shapeshifter on Dec 7, 2023.
             Slain by a river rat (3 damage)
             ... in a sewer.
             The game lasted 00:07:48 (2485 turns).

IdlyInterested the Changeling (DsSh)                Turns: 2485, Time: 00:07:48

Health: 0/33       AC:  5    Str: 17    XL:     5   Next: 77%
Magic:  5/5        EV: 11    Int: 11    God:
Gold:   191        SH:  0    Dex: 14    Spells: 4/4 levels left

rFire   . .          .
                       - Unarmed
rCold   . . .        (no shield)
rNeg    . . .        e - +0 ring mail
rPois   .            (helmet currently unavailable)
rElec   .            (cloak currently unavailable)
rCorr   .            (gloves currently unavailable)
SInv    .            (boots currently unavailable)
Will    +....        (no amulet)
Stlth   ++           m - ring of flight
HPRegen 0.25/turn    n - ring of willpower
MPRegen 0.09/turn

%: no passive effects
@: beast-form, flying
A: beast (slay +2), antennae 1, thin skeletal structure 1, powered by pain 2,
frail 1
a: Begin Untransformation


You were in a sewer.
You were a hulking beast.
You visited 1 branch of the dungeon, and saw 3 of its levels.
You also visited: Sewer.

You collected 191 gold pieces.

Inventory:

Hand Weapons
 l - a +0 heavy rapier
Missiles
 a - 33 stones (quivered)
Armour
 e - a +0 ring mail (worn)
Jewellery
 m - a ring of flight (left hand)
 n - a ring of willpower (right hand)
Talismans
 c - a beast talisman
 d - a flux talisman
Scrolls
 g - a scroll of identify {unknown}
 h - 2 scrolls of teleportation {unknown}
 i - a scroll of blinking {unknown}
 k - a scroll of enchant armour {unknown}
 p - a scroll of noise
 q - a scroll of brand weapon
Potions
 b - 2 potions of lignification
 f - a potion of curing
 j - 6 potions of enlightenment
 o - a potion of degeneration


   Skills:
 - Level 1.0 Fighting
 + Level 0.8 Armour
 - Level 3.0 Dodging
 - Level 3.0 Unarmed Combat
 * Level 4.8 Shapeshifting


You had 4 spell levels left.
You didn't know any spells.
Your spell library contained the following spells:

 Spells                   Type           Power      Damage    Failure   Level
 Freeze                   Ice            0%         1d3       54%         1
 Call Canine Familiar     Summ           0%         N/A       89%         3
 Frozen Ramparts          Ice            0%         1d1       89%         3
 Hailstorm                Conj/Ice       0%         3d3       89%         3
 Sigil of Binding         Hex            0%         N/A       89%         3
 Dimensional Bullseye     Hex/Tloc       0%         N/A       100%        4
 Leda's Liquefaction      Hex/Erth       0%         N/A       100%        4


Dungeon Overview and Level Annotations

Branches:
Dungeon (3/15)              Sewer (1/1)

Altars:


Innate Abilities, Weirdness & Mutations

You are a hulking beast.
Your limbs bulge with bestial killing power. (Slay +2)
You have a pair of small antennae on your head.
You have a somewhat thin skeletal structure. (Dex +2, Stealth+)
You sometimes gain power by taking damage.
You are frail. (-10% HP)


Message History

The river rat is moderately wounded.
The river rat barely misses you. The river rat bites you.
You closely miss the river rat. Your punch misses the river rat.
The river rat is moderately wounded.
The river rat bites you but does no damage.
The river rat bites you.
You hit the river rat.
The river rat is heavily wounded.
You hit the river rat but do no damage.
The river rat is heavily wounded.
The river rat bites you but does no damage.
The river rat bites you.
You hit the river rat.
The river rat is severely wounded.
The river rat barely misses you.
The river rat bites you but does no damage.
You punch the river rat!
You kill the river rat!
The river rat bites you but does no damage.
You hit the river rat.
The river rat is moderately wounded.
The river rat barely misses you. The river rat bites you.
You hit the river rat.
The river rat is severely wounded.
The river rat bites you. x2
* * * LOW HITPOINT WARNING * * *
You closely miss the river rat.
The river rat is severely wounded.
The river rat bites you.
* * * LOW HITPOINT WARNING * * *
The river rat barely misses you.
You barely miss the river rat.
The river rat is severely wounded.
The river rat bites you but does no damage.
The river rat bites you.
* * * LOW HITPOINT WARNING * * *
You feel better. The river rat bites you.
* * * LOW HITPOINT WARNING * * *
The river rat bites you.
You die...

#.≈.# #~≈~# #~≈≈#
#~≈~# #### #~≈~#
#.≈≈# #~≈~# #∩∩#
#~≈.# #~≈≈# #~≈~#
#..# #~≈~# #.≈≈#
#~≈~####..# #.≈~#
#~≈≈# #~≈~##.#..#
#~≈~# #~≈≈#
#~≈.##.'..+ #~≈~#
#~≈≈# #~≈~##.rr.+
#.≈~# #~≈≈# #~≈~#
,#h.# #~≈.# #.≈≈#
#~≈~# #..# #.≈~#
#~≈≈# #~≈~# #..#
#~≈.# #.≈≈#
#~≈~####..####~≈~#
#~≈≈#
#~≈~##.#..#.##.≈.#
#~≈≈#
#.≈~##.'..'.##.≈~#
#~≈≈#
#.≈~##.'..'.##.≈~#
#.≈≈#
#~≈.##.#..#.##~≈~#
#~≈≈#
#†≈.####..####~≈~#
#.≈≈#


You could see 2 river rats.

Vanquished Creatures
  7 adders
  7 river rats
  5 worms
  A dart slug (D:2)
  An orc (D:2)
  11 ball pythons
  10 endoplasms
  4 giant cockroaches
  7 goblins
  7 hobgoblins
  5 jackals (Sewer)
  5 quokkas
  8 bats
  5 frilled lizards
  5 kobolds
  7 rats
95 creatures vanquished.

Notes
Turn   | Place    | Note
-------+----------+-------------------------------------------
     0 | D:1      | IdlyInterested the Demonspawn Shapeshifter began the quest
                  | for the Orb.
     0 | D:1      | Reached XP level 1. HP: 15/15 MP: 1/1
    73 | D:1      | Reached skill level 3 in Shapeshifting
    77 | D:1      | Gained mutation: You have a pair of small antennae on your
                  | head. [demonic ancestry]
    77 | D:1      | Reached XP level 2. HP: 16/21 MP: 2/2
   741 | D:2      | Gained mutation: You are frail. (-10% HP) [potion of
                  | mutation]
   756 | D:2      | Gained mutation: You sometimes gain a little power by
                  | taking damage. [demonic ancestry]
   756 | D:2      | Reached XP level 3. HP: 23/23 MP: 3/3
   867 | D:2      | Found a faded altar of an unknown god.
  1108 | D:2      | Gained mutation: You have a somewhat thin skeletal
                  | structure. (Dex +2, Stealth+) [demonic ancestry]
  1108 | D:2      | Reached XP level 4. HP: 12/28 MP: 4/4
  1600 | D:3      | Reached skill level 4 in Shapeshifting
  1793 | D:3      | Gained mutation: You sometimes gain power by taking damage.
                  | [demonic ancestry]
  1793 | D:3      | Reached XP level 5. HP: 33/33 MP: 5/5
  1882 | D:3      | Found a glowing drain.
  1899 | Sewer    | Entered a sewer
  2485 | Sewer    | Slain by a river rat

Illustrated notes

Levels and vault maps discovered:
D:1:      dpeg_arrival_erosion, layout_basic, dk_noncrumbling_2
D:2:      layout_loops_ring, ebering_ecumenical_altar_petrified,
          kennysheep_generic_room_13
D:3:      layout_loops_cross, lightli_sewer_entry_pipes,
          hangedman_decor_riveting
Sewer:    sewer_fruit_machine

Skill      XL: |  1  2  3  4  5 |
---------------+----------------+-----
Shapeshifting  | 3 4 |  4.8
Unarmed Combat | 3 |  3.0
Dodging        | 2 3 |  3.0
Fighting       | |  1.0
Armour         | |  0.8

Action                     |  1- 3 |  4- 6 || total
---------------------------+-------+-------++-------
  Melee: Unarmed           |   125 |   182 ||   307
         Punch             |     5 |     4 ||     9
  Throw: Stone             |       |     1 ||     1
    Use: Potion            |     4 |     3 ||     7
         Scroll            |     3 |       ||     3
   Stab: Sleeping          |       |     6 ||     6
 Armour: Ring mail         |    63 |   121 ||   184
  Dodge: Dodged            |    63 |    94 ||   157

Table legend: (Time is in decaauts)
 A = Elapsed time spent in this place.
 B = Non-inter-level travel time spent in this place.
 C = Inter-level travel time spent in this place.
 D = Time resting spent in this place.
 E = Time spent auto-exploring this place.
 F = Levels seen in this place.
 G = Mean time per level.
                   A        B        C        D        E       F      G
               +--------+--------+--------+--------+--------+-----+--------+
         Total |   2467 |   2418 |     49 |    399 |   1086 |   4 |  616.8 |
       Dungeon |   1886 |   1837 |     49 |    306 |    983 |   3 |  628.7 |
         Sewer |    580 |    580 |      0 |     93 |    103 |   1 |  580.0 |
               +--------+--------+--------+--------+--------+-----+--------+

Top non-repeatable levels by time:
     D:2: 882 daAuts
     D:1: 683 daAuts
   Sewer: 580 daAuts
     D:3: 321 daAuts
